 Dungeon Crawl Stone Soup version 0.16-a0-1767-gaf01991 (webtiles) character file.

7539 Psiweapon the Cleaver (level 10, -6/88 HPs)
             Began as a Centaur Fighter on Oct 31, 2014.
             Was an Elder of Zin.
             Shot with a poisoned arrow by Nessos (19 damage)
             ... on level 11 of the Dungeon.
             The game lasted 00:47:34 (11546 turns).

Psiweapon the Cleaver (Centaur Fighter)            Turns: 11546, Time: 00:47:34

Health: -6/88      AC:  8    Str: 26    XL:     10   Next: 96%
Magic:  0/18       EV: 10    Int: 12    God:    Zin [****..]
Gold:   147        SH: 11    Dex: 16    Spells: 0 memorised, 9 levels left

rFire  . . .     SeeInvis +     a - +1 war axe
rCold  . . .     Clarity  .     w - +3 chain mail {rPois}
rNeg   . . .     SustAb   .     c - +0 shield
rPois  +         Gourm    .     j - +2 helmet
rElec  .         Spirit   +     V - +0 cloak
rCorr  .         Warding  .     E - +0 pair of gloves
rMut   .         Stasis   .     (no barding)
MR     .....                    t - amulet of guardian spirit
Stlth  ..........               (no ring)
                                Z - ring of see invisible

@: mighty, agile, vitalised, corroded equipment, very slightly contaminated,
hasted, very quick, not resistant to hostile enchantments, extremely unstealthy
A: hooves 3, deformed body, speed 2, tough skin 3
a: Recite, Vitalisation, Imprison, Renounce Religion


You were on level 11 of the Dungeon.
You worshipped Zin.
Zin was greatly pleased with you.
You were not hungry.

You visited 2 branches of the dungeon, and saw 12 of its levels.
You also visited: Sewer.

You collected 744 gold pieces.
You spent 534 gold pieces at shops.
You donated 63 gold pieces to Zin.

Inventory:

Hand weapons
 a - a +1 war axe (weapon)
 F - a +0 blowgun
 N - a +0 hunting sling
 O - a +2 whip of freezing
 Q - a +0 morningstar
Missiles
 f - 3 silver javelins
 h - 14 silver bolts
 l - 50 bolts
 S - a throwing net
 X - 6 curare-tipped needles
 Y - 4 tomahawks (quivered)
Armour
 c - a +0 shield (worn)
 j - a +2 helmet (worn)
 w - a +3 chain mail of poison resistance (worn)
 E - a +0 pair of gloves (worn)
 V - a +0 cloak (worn)
Jewellery
 m - an uncursed amulet of the gourmand
 t - an amulet of guardian spirit (around neck)
 Z - a ring of see invisible (left hand)
Magical devices
 e - a wand of paralysis (10)
 p - a wand of fireball (4)
 G - a wand of lightning (5)
 W - a wand of slowing (35)
Scrolls
 g - 2 scrolls of fog
 o - 3 scrolls of fear
 q - 2 scrolls of recharging
 u - 3 scrolls of enchant weapon
 v - 2 scrolls of teleportation
 y - 3 scrolls of remove curse
 z - 4 scrolls of noise
 A - 3 scrolls of enchant armour
 H - 2 scrolls of vulnerability {unknown}
 P - 4 scrolls of identify
 T - 2 scrolls of magic mapping {unknown}
Potions
 i - 3 potions of resistance {unknown}
 k - 5 potions of agility
 r - 2 potions of flight
 s - 8 potions of curing
 x - 3 potions of heal wounds
 I - 2 potions of might
 J - a potion of brilliance
 K - a potion of restore abilities
 L - a potion of berserk rage
 R - a potion of cancellation
Books
 b - a book of Control

   Spells                             Type                      Level
   Control Teleport                   Charms/Translocation         4
   Control Undead                     Necromancy                   4
   Enslavement                        Hexes                        4
   Metabolic Englaciation             Hexes/Ice                    5
   Mass Confusion                     Hexes                        6
 D - a book of Power

   Spells                             Type                      Level
   Fulminant Prism                    Conjuration/Hexes            4
   Iskenderun's Mystic Blast          Conjuration                  4
   Venom Bolt                         Conjuration/Poison           5
   Bolt of Magma                      Conjuration/Fire/Earth       5
   Iron Shot                          Conjuration/Earth            6
   Orb of Destruction                 Conjuration                  7
 M - a book of Wizardry

   Spells                             Type                      Level
   Agony                              Necromancy                   5
   Force Lance                        Conjuration                  5
   Dispersal                          Translocation                6
   Haste                              Charms                       6
   Invisibility                       Hexes                        6
   Spellforged Servitor               Conjuration/Summoning        7
Comestibles
 d - 5 bread rations
 n - 4 beef jerkies
 C - 2 meat rations


   Skills:
 - Level 7.9 Fighting
 + Level 8.5 Axes
 - Level 6.5 Armour
 - Level 5.7 Shields
 + Level 6.9 Invocations


You had 9 spell levels left.
You didn't know any spells.

Dungeon Overview and Level Annotations

Branches:
Dungeon (11/15)            Temple (1/1) D:7            Lair (0/8) D:8
    Orc: D:9-12

Altars:
Ashenzari
Cheibriados
Dithmenos
Elyvilon
Fedhas
Gozag
Makhleb
Nemelex Xobeh
Okawaru
Qazlal
Ru
Sif Muna
Trog
Vehumet
Xom
Yredelemnul
Zin
The Shining One

Shops:
D:4 !   D:10 *!(

Annotations:
D:6 exclusion: oklob plant
D:9 exclusion: 2 doors
D:11 Nessos


Innate Abilities, Weirdness & Mutations

You have hooves in place of feet.
Armour fits poorly on your strangely shaped body.
You cover ground very quickly.
You have extremely tough skin (AC +3).


Message History

You see here a poisoned arrow.
Nessos shoots a poisoned arrow.
The poisoned arrow hits you!
* * * LOW HITPOINT WARNING * * *
The poisoned arrow burns you.
* * * LOW HITPOINT WARNING * * *
Your divine stamina protects you from poison!
There is a stone staircase leading up, spattered with blood here.
You see here 3 poisoned arrows.
You have got your breath back.
You hit Nessos. You kick Nessos.
Nessos is severely wounded.
Nessos unwields an uncursed longbow of flaming.
It stops flaming.
Nessos hits you.
* * * LOW HITPOINT WARNING * * *
Nessos blinks!
Nessos blinks!
Nessos wields an uncursed longbow of flaming.
It bursts into flame!
Nessos shoots a poisoned arrow.
The poisoned arrow hits you!!
You die...

#.# #.# #.# #.##
#..## #...##
##....######
...####...<......#
......c.@(.(.ยง..##
...............##
..######.....##
###...# ##..# #..#
##(.# ##...# ###
##...##


You could see Nessos (dazed).

Vanquished Creatures
  Pikel (D:4)
  An ugly thing (D:10)
  Joseph (D:8)
  Psyche (D:8)
  A komodo dragon (D:8)
  The ghost of Psiweapon the Magician, an experienced TeEE (D:5)
  Grinder (D:3)
  Prince Ribbit (D:6)
  A two-headed ogre (D:10)
  A wyvern (D:8)
  Eustachio (D:4)
  A water moccasin (D:8)
  A phantom (D:4)
  An eye of draining (D:6)
  Purgy (Sewer)
  4 orc warriors
  An ice beast (D:6)
  6 sky beasts
  8 ogres
  A necrophage (D:11)
  A big kobold (D:8)
  Duvessa (D:7)
  4 giant frogs
  A cyclops zombie (D:10)
  6 killer bees
  4 scorpions
  2 crimson imps
  A goliath beetle (D:6)
  Dowan (D:7)
  10 jellies
  4 hounds
  4 orc priests
  8 orc wizards
  4 worker ants
  3 iguanas
  A big kobold zombie (D:7)
  A big kobold skeleton (D:7)
  Terence (D:3)
  2 green rats (D:4)
  13 adders
  2 giant mites (D:5)
  2 shadow imps
  A worm (D:2)
  2 adder zombies (D:5)
  5 giant geckos
  13 oozes
  29 orcs
  2 ball pythons
  A bat zombie (D:6)
  14 hobgoblins
  8 jackals
  17 kobolds
  8 quokkas
  23 bats
  11 giant cockroaches
  9 giant newts
  A giant newt skeleton (D:5)
  12 goblins
  2 hobgoblin skeletons
  A jackal skeleton (D:8)
  An orc skeleton (D:4)
  26 rats
297 creatures vanquished.

Vanquished Creatures (collateral kills)
  A hill giant (D:8)
1 creature vanquished.

Vanquished Creatures (others)
  A hound (D:4)
  An orc (D:10)
  A bat (D:4)
  2 jackals (D:4)
  A fungus (D:6)
  A plant (D:8)
7 creatures vanquished.

Grand Total: 305 creatures vanquished

Notes
Turn   | Place    | Note
--------------------------------------------------------------
     0 | D:1      | Psiweapon, the Centaur Fighter, began the quest for the Orb.
     0 | D:1      | Reached XP level 1. HP: 19/19 MP: 1/1
   293 | D:1      | Reached XP level 2. HP: 23/26 MP: 2/2
   813 | D:1      | Reached XP level 3. HP: 31/31 MP: 3/3
  1728 | D:2      | Found a blossoming altar of Fedhas.
  1851 | D:3      | Reached XP level 4. HP: 38/38 MP: 3/3
  1861 | D:3      | Noticed Terence
  1873 | D:3      | Killed Terence
  1873 | D:3      | Reached skill level 4 in Axes
  1925 | D:3      | Found an iron altar of Okawaru.
  2240 | D:3      | Found a glowing drain.
  2245 | D:3      | Noticed Grinder
  2260 | D:3      | Killed Grinder
  2260 | D:3      | Reached skill level 6 in Axes
  2260 | D:3      | Reached XP level 5. HP: 20/45 MP: 2/4
  2260 | D:3      | Reached XP level 6. HP: 22/51 MP: 2/5
  2285 | Sewer    | Entered a sewer
  2541 | Sewer    | Noticed Purgy
  2559 | Sewer    | Killed Purgy
  2915 | D:4      | Noticed Eustachio
  2950 | D:4      | HP: 2/52 [shadow imp/nerve-wracking pain[Eustachio] (6)]
  3293 | D:4      | Killed Eustachio
  3293 | D:4      | Reached skill level 5 in Fighting
  3293 | D:4      | Reached XP level 7. HP: 14/61 MP: 3/5
  3592 | D:4      | Found Ydimarr's Distillery.
  3629 | D:4      | Bought a potion of flight for 33 gold pieces
  3629 | D:4      | Bought a potion of restore abilities for 33 gold pieces
  3629 | D:4      | Bought a potion of berserk rage for 33 gold pieces
  3629 | D:4      | Bought a potion of poison for 11 gold pieces
  3954 | D:4      | Noticed Pikel
  3974 | D:4      | Killed Pikel
  3974 | D:4      | Reached skill level 7 in Fighting
  3974 | D:4      | Reached XP level 8. HP: 45/74 MP: 2/6
  4629 | D:5      | Entered Level 5 of the Dungeon
  4902 | D:5      | Found a snail-covered altar of Cheibriados.
  4902 | D:5      | Found a sacrificial altar of Ru.
  5062 | D:5      | Noticed Psiweapon's ghost (experienced TeEE)
  5085 | D:5      | Killed Psiweapon's ghost
  5511 | D:5      | Reached skill level 5 in Shields
  5704 | D:5      | Gained mutation: You tend to lose your temper in combat. [mutagenic meat]
  5705 | D:5      | Gained mutation: Your spells are a little harder to cast, but a little more powerful. [mutagenic meat]
  5706 | D:5      | Gained mutation: You are partially covered in slimy green scales (AC +2). [mutagenic meat]
  5950 | D:6      | Noticed Prince Ribbit
  5974 | D:5      | Reached XP level 9. HP: 66/81 MP: 4/7
  6456 | D:6      | Gained mutation: You often lose your temper in combat. [mutagenic meat]
  6622 | D:6      | Killed Prince Ribbit
  6977 | D:6      | Found a bloodstained altar of Trog.
  6988 | D:6      | Reached skill level 5 in Armour
  7072 | D:6      | Noticed an oklob plant
  7517 | D:7      | Found a deep blue altar of Sif Muna.
  8108 | D:7      | Found a staircase to the Ecumenical Temple.
  8117 | Temple   | Entered the Ecumenical Temple
  8121 | Temple   | Became a worshipper of Zin the Law-Giver
  8121 | Temple   | Acquired Zin's first power
  8178 | D:7      | Noticed Duvessa
  8179 | D:7      | Noticed Dowan
  8186 | D:7      | Killed Dowan
  8186 | D:7      | Reached XP level 10. HP: 80/88 MP: 5/8
  8188 | D:7      | Killed Duvessa
  8188 | D:7      | Reached skill level 1 in Invocations
  8310 | D:7      | Acquired Zin's second power
  8684 | D:8      | Acquired Zin's third power
  8979 | D:8      | Noticed a hill giant
  8988 | D:8      | Killed a hill giant
  9456 | D:8      | Found a staircase to the Lair.
  9457 | D:8      | Noticed Joseph
  9504 | D:8      | Killed Joseph
  9591 | D:8      | Noticed Psyche
  9593 | D:8      | Found a shimmering altar of Xom.
  9608 | D:8      | Killed Psyche
  9608 | D:8      | Reached skill level 5 in Invocations
 10254 | D:10     | Entered Level 10 of the Dungeon
 10470 | D:10     | Found Cleemorgh's Distillery.
 10638 | D:10     | Bought a potion of might for 40 gold pieces
 10638 | D:10     | Bought a potion of curing for 32 gold pieces
 10638 | D:10     | Bought a potion of decay for 32 gold pieces
 10638 | D:10     | Bought 2 potions of agility for 80 gold pieces
 10638 | D:10     | Bought a potion of heal wounds for 48 gold pieces
 10638 | D:10     | Bought a potion of curing for 32 gold pieces
 10638 | D:10     | Bought a potion of heal wounds for 48 gold pieces
 10638 | D:10     | Bought a potion of haste for 112 gold pieces
 10705 | D:10     | Reached skill level 8 in Axes
 10719 | D:10     | Lost mutation: Your spells are a little harder to cast, but a little more powerful. [potion of cure mutation]
 10719 | D:10     | Lost mutation: You often lose your temper in combat. [potion of cure mutation]
 10719 | D:10     | Lost mutation: You are partially covered in slimy green scales (AC +2). [potion of cure mutation]
 10719 | D:10     | Lost mutation: You tend to lose your temper in combat. [potion of cure mutation]
 10871 | D:10     | Found Kharuan's Assorted Antiques.
 10900 | D:10     | Noticed a green ugly thing
 10920 | D:10     | Killed a green ugly thing
 11230 | D:10     | Found Caklesm's Weapon Emporium.
 11409 | D:11     | Noticed Nessos
 11416 | D:11     | Noticed a five-headed hydra
 11546 | D:11     | Shot with a poisoned arrow by Nessos

Action                   |  1- 3 |  4- 6 |  7- 9 | 10-12 || total
-------------------------+-------+-------+-------+-------++-------
Melee: War axe           |   156 |   130 |   508 |   300 ||  1094
 Fire: Blowgun           |       |       |    23 |     5 ||    28
Throw: Stone             |     3 |       |       |       ||     3
       Tomahawk          |       |     1 |    36 |     4 ||    41
Invok: Recite            |       |       |     1 |    13 ||    14
       Vitalisation      |       |       |       |     6 ||     6
Evoke: Wand              |       |       |     5 |       ||     5
  Use: Potion            |       |     1 |       |     9 ||    10
       Scroll            |       |       |       |    17 ||    17
 Stab: Invisible         |       |       |       |     1 ||     1
  Eat: Chunk             |    15 |       |    17 |    10 ||    42
       Beef jerky        |       |       |       |     1 ||     1
